 Dungeon Crawl Stone Soup version 0.32-a0-859-gb0a091d592 (webtiles) character file.

Game seed: 3208833811108530566

106 jasper the Chopper (level 4, 0/38 HPs)
             Began as a Mountain Dwarf Fighter on Mar 27, 2024.
             Slain by Natasha (5 damage)
             ... on level 2 of the Dungeon.
             The game lasted 00:03:33 (1158 turns).

jasper the Chopper (Mountain Dwarf Fighter)         Turns: 1158, Time: 00:03:34

Health: 0/38       AC: 13    Str: 20    XL:     4   Next: 55%
Magic:  4/4        EV:  4    Int:  9    God:
Gold:   80         SH:  4    Dex:  9    Spells: 3/3 levels left

rFire   . . .        a - +0 war axe
rCold   . . .        c - +0 buckler
rNeg    . . .        e - +0 plate armour
rPois   .            n - +0 helmet
rElec   .            (no cloak)
rCorr   .            m - +0 pair of gloves
SInv    .            (no boots)
Will    .....        (no amulet) Stlth
                     (no ring)
HPRegen 0.26/turn    (no ring)
MPRegen 0.09/turn

%: no passive effects
@: mighty, slowed, very slow
A: runic magic, artefact enchanting
a: no special abilities


You were on level 2 of the Dungeon.
You visited 1 branch of the dungeon, and saw 3 of its levels.

You collected 80 gold pieces.

Inventory:

Hand Weapons
 a - a +0 war axe (weapon)
 b - a +0 sling
 l - a +0 war axe
Missiles
 g - 5 poisoned darts
 o - 7 stones
 p - 15 boomerangs (quivered)
 q - 5 curare-tipped darts
Armour
 c - a +0 buckler (worn)
 e - a +0 plate armour (worn)
 m - a +0 pair of gloves (worn)
 n - a +0 helmet (worn)
Scrolls
 h - 2 scrolls of poison {unknown}
 i - 2 scrolls of identify {unknown}
 j - a scroll of fear {unknown}
 k - 2 scrolls of revelation {unknown}
Potions
 f - 2 potions of curing {unknown}


   Skills:
 - Level 3.2 Fighting
 + Level 5.9 Axes
 - Level 3.2 Armour
 - Level 3.2 Shields


You had 3 spell levels left.
You didn't know any spells.
Your spell library contained the following spells:

 Spells                   Type           Power      Damage    Failure   Level
 Sandblast                Erth           0%         2d4       75%         1
 Stone Arrow              Conj/Erth      0%         3d7       98%         3
 Brom's Barrelling Bould  Conj/Erth      0%         2d3       100%        4


Dungeon Overview and Level Annotations

Branches:
Dungeon (3/15)

Altars:

Shops:
D:2 [

Annotations:
D:2 Natasha


Innate Abilities, Weirdness & Mutations

Your spellcasting is much less encumbered by armour.
You can use scrolls of enchantment on lesser artefacts.


Message History

You slash the orc!
You kill the orc!
Okay, then.
p - 15 boomerangs (gained 3)
Things that are here:
a +0 morningstar; a +0 ring mail
There is a stone staircase leading down here.
You start resting.
Natasha, Servant of Life and Death comes into view.
You regained 7 hp, and now have 23/38 hp.
Natasha is nearby!
Natasha hisses angrily.
Natasha claws you.
You take 6 damage, and have 17/38 hp.
You closely miss Natasha.
Natasha claws you but does no damage. x2
You barely miss Natasha. Natasha claws you.
You take 5 damage, and have 13/38 hp.
You feel very mighty all of a sudden.
Natasha stares at you and mumbles some strange words.
You feel yourself slow down.
You closely miss Natasha. Natasha claws you but does no damage.
Natasha casts a spell at you. The magic dart hits you.
* * * LOW HITPOINT WARNING * * *
You take 5 damage, and have 8/38 hp.
You slash Natasha!
Natasha is severely wounded.
Natasha claws you but does no damage.
You closely miss Natasha.
Natasha is severely wounded.
Natasha claws you but does no damage. Natasha claws you.
* * * LOW HITPOINT WARNING * * *
You take 3 damage, and have 5/38 hp.
You closely miss Natasha.
Natasha is severely wounded.
Natasha wildly gestures.
You feel disoriented. Natasha claws you.
You die...
Natasha begins licking her fur clean.

####.......>####.######.#........
##...∩...>...........##..........
##.#........#.##.###.####.####..#
##.#..#.....#.##.# #.# #.####..#
......#..<.......# #.# #......)#
##.#######.#####.# #.# #####...#
#.#### #.#####.# #.# #...#
#.[..####÷......###)# #...#
####.#........h@..>.# #...#
#####.#........####..########...#
.%....#........####..##..........
.######...........#..#...........
.# #........##.#>.#........... .#
#........##.#..#.#####....# .#
#................# #....# .#
###########.#.#..# #....#
.####### ####.#....# #....#


You could see Natasha.

Vanquished Creatures
  Natasha (twice) (D:2)
  An adder (D:2)
  2 dart slugs (D:2)
  10 orcs
  3 bats
  2 endoplasms
  2 hobgoblins
  2 kobolds (D:2)
  4 quokkas
  3 ball pythons
  2 frilled lizards
  A rat (D:1)
34 creatures vanquished.

Notes
Turn   | Place    | Note
-------+----------+-------------------------------------------
     0 | D:1      | jasper the Mountain Dwarf Fighter began the quest for the
                  | Orb.
     0 | D:1      | Reached XP level 1. HP: 19/19 MP: 1/1
    94 | D:1      | Reached skill level 3 in Axes
   218 | D:1      | You fall into a shaft and drop 1 floor!
   224 | D:2      | Reached XP level 2. HP: 26/26 MP: 2/2
   297 | D:2      | Reached skill level 4 in Axes
   498 | D:2      | Reached XP level 3. HP: 25/31 MP: 3/3
   545 | D:2      | Found Sumu's Antique Armour Shoppe.
   778 | D:2      | Noticed Natasha
   788 | D:2      | Killed Natasha
   789 | D:2      | Reached skill level 5 in Axes
   987 | D:2      | Reached XP level 4. HP: 38/38 MP: 4/4
  1033 | D:2      | Noticed Natasha
  1043 | D:2      | Killed Natasha
  1148 | D:2      | Noticed Natasha
  1158 | D:2      | Slain by Natasha

Illustrated notes

Levels and vault maps discovered:
D:1:      psy_arrival_statuary, layout_basic,
          shapermc_ecumenical_altar_starsandcircs, serial_shops, shop
D:2:      layout_loops_cross, serial_shops, shop, uniq_natasha
D:3:      layout_basic, amcnicky_altar_gilded

Skill      XL: |  1  2  3 |
---------------+----------+-----
Axes           | 3 4 5 |  5.9
Fighting       | |  3.2
Armour         | |  3.2
Shields        | |  3.2

Action                     |  1- 3 |  4- 6 || total
---------------------------+-------+-------++-------
  Melee: War axe           |    70 |    33 ||   103
  Throw: Dart              |     4 |       ||     4
         Boomerang         |     3 |    13 ||    16
    Use: Potion            |       |     1 ||     1
 Armour: Plate armour      |    68 |    24 ||    92
  Dodge: Dodged            |    18 |     8 ||    26
  Block: Buckler           |    16 |     7 ||    23

Table legend: (Time is in decaauts)
 A = Elapsed time spent in this place.
 B = Non-inter-level travel time spent in this place.
 C = Inter-level travel time spent in this place.
 D = Time resting spent in this place.
 E = Time spent auto-exploring this place.
 F = Levels seen in this place.
 G = Mean time per level.
                   A        B        C        D        E       F      G
               +--------+--------+--------+--------+--------+-----+--------+
         Total |   1209 |   1180 |     29 |     58 |    722 |   3 |  403.0 |
       Dungeon |   1209 |   1180 |     29 |     58 |    722 |   3 |  403.0 |
               +--------+--------+--------+--------+--------+-----+--------+

Top non-repeatable levels by time:
     D:2: 910 daAuts
     D:1: 228 daAuts
     D:3: 71 daAuts
